 Dungeon Crawl Stone Soup version 0.27.0-1-g7a089689b8 (webtiles) character file.

Game seed: 17778648750651220713

5929 bande the Cleaver (level 10, -5/61 HPs)
             Began as a Gargoyle Fighter on Aug 2, 2021.
             Was a High Priest of Okawaru.
             Slain by a komodo dragon (16 damage)
             ... on level 1 of the Lair of Beasts.
             The game lasted 00:17:05 (12270 turns).

bande the Cleaver (Gargoyle Fighter)               Turns: 12270, Time: 00:17:05

Health: -5/61      AC: 20    Str: 23    XL:     10   Next: 83%
Magic:  14/14      EV:  6    Int:  8    God:    Okawaru [*****.]
Gold:   409        SH: 12    Dex: 10    Spells: 9/9 levels left

rFire    + . .     SeeInvis .   l - +2 hand axe (freeze)
rCold    . . .     Faith    .   c - +1 kite shield
rNeg     + . .     Spirit   .   x - +0 plate armour
rPois    ∞         Reflect  .   g - +0 hat
rElec    +         Harm     .   (no cloak)
rCorr    .         Rampage  .   (no gloves)
Will     .....                  (no boots)
Stlth    ..........             (no amulet)
HPRegen  0.20/turn              f - ring of protection from fire
MPRegen  0.14/turn              (no ring)

@: no status effects
A: sickness immunity, AC +7, negative energy resistance 1, electricity
resistance, torment resistance 1, petrification resistance
a: Renounce Religion, Heroism, Finesse


You were on level 1 of the Lair of Beasts.
You worshipped Okawaru.
Okawaru was extremely pleased with you.
You visited 3 branches of the dungeon, and saw 10 of its levels.

You collected 409 gold pieces.

Inventory:

Hand Weapons
 a - a +1 war axe
 i - a +0 war axe
 k - a +0 flail
 l - a +2 hand axe of freezing (weapon)
Armour
 c - a +1 kite shield (worn)
 g - a +0 hat (worn)
 x - a +0 plate armour (worn)
Jewellery
 f - a ring of protection from fire (left hand)
 t - a ring of protection from fire
Wands
 r - a wand of digging (4)
 w - a wand of iceblast (7)
 y - a wand of paralysis (8)
Scrolls
 e - a scroll of amnesia
 o - 4 scrolls of enchant armour
 s - a scroll of enchant weapon
 u - a scroll of fog
 v - 2 scrolls of identify
Potions
 b - a potion of ambrosia
 d - 2 potions of might
 h - a potion of berserk rage
 j - a potion of heal wounds
 m - 2 potions of curing
 n - 3 potions of brilliance
 p - a potion of flight
 q - 3 potions of lignification {unknown}


   Skills:
 + Level 6.4 Fighting
 + Level 8.8 Axes
 + Level 8.2 Armour
 + Level 2.2 Dodging
 + Level 8.2 Shields
 * Level 6.6 Invocations


You had 9 spell levels left.
You didn't know any spells.
Your spell library contained the following spells:

 Spells                   Type           Power      Damage    Failure   Level
 Animate Skeleton         Necr           0%         N/A       100%        1
 Apportation              Tloc           0%         N/A       100%        1
 Corona                   Hex            0%         N/A       100%        1
 Summon Small Mammal      Summ           0%         N/A       100%        1
 Corpse Rot               Necr/Air       N/A        N/A       100%        2
 Ensorcelled Hibernation  Hex/Ice        0%         N/A       100%        2
 Poisonous Vapours        Pois/Air       0%         N/A       100%        2
 Ignite Poison            Fire/Tmut/Pois 0%         N/A       100%        3
 Mephitic Cloud           Conj/Pois/Air  0%         N/A       100%        3
 Tukima's Dance           Hex            0%         N/A       100%        3
 Olgreb's Toxic Radiance  Pois           0%         N/A       100%        4
 Alistair's Intoxication  Tmut/Pois      0%         N/A       100%        5
 Bolt of Magma            Conj/Fire/Erth 0%         4d4       100%        5
 Freezing Cloud           Conj/Ice/Air   0%         6-21      100%        5
 Invisibility             Hex            0%         N/A       100%        6
 Ozocubu's Refrigeration  Ice            0%         4d5       100%        7
 Ignition                 Fire           0%         3d3       100%        8


Dungeon Overview and Level Annotations

Branches:
Dungeon (8/15)             Temple (1/1) D:4            Lair (1/6) D:8

Altars:
Ashenzari
Cheibriados
Dithmenos
Elyvilon
Fedhas
Gozag
Hepliaklqana
Kikubaaqudgha
Makhleb
Okawaru
Qazlal
Ru
Sif Muna
Uskayaw
Vehumet
Wu Jian
Xom
Yredelemnul
Zin
The Shining One


Innate Abilities, Weirdness & Mutations

You are immune to sickness and miasma.
Your stone body is resilient. (AC +7)
You are immune to poison.
You resist negative energy. (rN+)
You are resistant to electric shocks. (rElec)
You are resistant to unholy torment.
You are immune to petrification.


Message History

You now have 409 gold pieces (gained 15).
A komodo dragon comes into view.
The komodo dragon hisses angrily.
You block the komodo dragon's attack.
You hit the komodo dragon but do no damage.
The komodo dragon bites you but does no damage.
You hit the komodo dragon. You freeze the komodo dragon.
The komodo dragon is lightly wounded.
The komodo dragon bites you but does no damage.
You barely miss the komodo dragon.
The komodo dragon is lightly wounded.
The komodo dragon bites you!
You hit the komodo dragon. You freeze the komodo dragon.
The komodo dragon is moderately wounded.
The komodo dragon bites you!!
You hit the komodo dragon but do no damage.
The komodo dragon is lightly wounded.
The komodo dragon bites you but does no damage.
You hit the komodo dragon. You freeze the komodo dragon.
The komodo dragon is moderately wounded.
The komodo dragon bites you!
You are too injured to fight recklessly!
You are too injured to fight recklessly!
You are too injured to fight recklessly!
You are too injured to fight recklessly!
You are too injured to fight recklessly!
You are too injured to fight recklessly!
You are too injured to fight recklessly!
You are too injured to fight recklessly!
You hit the komodo dragon. You freeze the komodo dragon.
The komodo dragon is heavily wounded.
The komodo dragon bites you!
* * * LOW HITPOINT WARNING * * *
You block the komodo dragon's attack.
You feel better. The komodo dragon bites you!!
* * * LOW HITPOINT WARNING * * *
You hit the komodo dragon. You freeze the komodo dragon.
The komodo dragon is severely wounded.
The komodo dragon bites you!
You die...

### ##########
#########.#########.#.##...####..
................@l...............
#.####.#.........................
### ##...........######.#.##....
# ##.####.#...# ##### #.. # #.#
##.....# . # #.# ##...## # #.#
#...... # #.# #..#### # #.# #..#


You could see a komodo dragon.

Vanquished Creatures
  2 slime creatures (D:7)
  3 wyverns (D:8)
  7 yaks (D:8)
  2 steam dragons (D:8)
  A sky beast (D:7)
  5 water moccasins
  2 ice beasts (D:8)
  2 orc warriors (D:8)
  2 black bears
  3 ogres
  2 necrophages
  3 centaurs
  4 kobold brigands (D:7)
  5 bullfrogs
  3 scorpions
  A water moccasin zombie (D:5)
  2 water moccasin skeletons
  A wyvern skeleton (D:7)
  A centaur zombie (D:6)
  A hound (D:6)
  2 bullfrog zombies (D:5)
  6 jellies
  4 orc priests
  A bullfrog skeleton (D:4)
  A centaur skeleton (D:6)
  2 gnoll shamans
  5 iguanas
  4 orc wizards
  A hound zombie (D:5)
  2 howler monkey zombies
  14 gnolls
  A howler monkey skeleton (D:7)
  5 adders
  A white imp (D:7)
  A dart slug (D:2)
  3 worms
  27 orcs
  9 ball pythons
  7 bats
  10 endoplasms
  A giant cockroach (D:1)
  4 goblins
  8 hobgoblins
  17 jackals
  3 quokkas
  5 frilled lizards (D:1)
  13 kobolds
  6 rats
215 creatures vanquished.

Vanquished Creatures (others)
  5 fungi
  6 plants (D:8)
  9 toadstools (D:7)
20 creatures vanquished.

Grand Total: 235 creatures vanquished

Notes
Turn   | Place    | Note
-------+----------+-------------------------------------------
     0 | D:1      | bande the Gargoyle Fighter began the quest for the Orb.
     0 | D:1      | Reached XP level 1. HP: 14/14 MP: 1/1
    83 | D:1      | Found a faded altar of an unknown god.
    99 | D:1      | Reached XP level 2. HP: 16/19 MP: 2/2
   375 | D:1      | Reached XP level 3. HP: 21/24 MP: 3/3
  1047 | D:2      | Found a broken altar of Ashenzari.
  1327 | D:2      | Reached XP level 4. HP: 18/29 MP: 4/4
  2321 | D:3      | Reached XP level 5. HP: 20/33 MP: 5/5
  2821 | D:3      | Reached XP level 6. HP: 25/38 MP: 6/6
  3278 | D:3      | Found a glowing silver altar of Zin.
  4085 | D:4      | Found a staircase to the Ecumenical Temple.
  4180 | D:4      | Reached XP level 7. HP: 26/44 MP: 7/7
  4349 | D:4      | Reached skill level 1 in Dodging
  5154 | Temple   | Entered the Ecumenical Temple
  5198 | Temple   | Became a worshipper of Warmaster Okawaru
  5264 | D:5      | Entered Level 5 of the Dungeon
  5270 | D:5      | Found an ancient bone altar of Kikubaaqudgha.
  5421 | D:5      | Reached skill level 1 in Invocations
  5787 | D:5      | Reached skill level 5 in Shields
  5792 | D:5      | Reached skill level 5 in Armour
  5799 | D:5      | Reached skill level 5 in Axes
  6100 | D:5      | Found a hide-covered altar of Uskayaw.
  6390 | D:5      | Reached XP level 8. HP: 33/48 MP: 9/9
  6523 | D:5      | Found a shimmering blue altar of Sif Muna.
  6527 | D:5      | Found an ornate altar of the Wu Jian Council.
  6532 | D:5      | Found a broken altar of Ashenzari.
  6802 | D:6      | Reached skill level 5 in Fighting
  6862 | D:6      | Reached * piety under Okawaru
  7185 | D:6      | Found a snail-covered altar of Cheibriados.
  7683 | D:6      | Reached ** piety under Okawaru
  8010 | D:7      | Reached XP level 9. HP: 48/54 MP: 10/12
  8969 | D:7      | Reached *** piety under Okawaru
  8970 | D:7      | Reached skill level 5 in Invocations
  9441 | D:7      | Found an opulent altar of Gozag.
  9917 | D:8      | Reached XP level 10. HP: 51/60 MP: 14/14
 10110 | D:8      | Reached **** piety under Okawaru
 10858 | D:8      | Found a staircase to the Lair.
 11078 | D:8      | Received a gift from Okawaru
 12161 | Lair:1   | Entered Level 1 of the Lair of Beasts
 12172 | Lair:1   | Reached ***** piety under Okawaru
 12270 | Lair:1   | Slain by a komodo dragon

Illustrated notes

Levels and vault maps discovered:
D:1:      eino_arrival_cavern_b, layout_basic, basic_ecumenical_altar,
          chequers_serial_rivers_small_a
D:2:      layout_basic, basic_altar, hangedman_decor_diamond_cutter
D:3:      layout_loops_ring, zin_statuary
D:4:      layout_layer_cave, minmay_temple_entry_enclosed_plants,
          cheibrodos_sewer_entry_sluice
D:5:      layout_basic, nicolae_uskayaw_suspiria,
          nicolae_overflow_crystal_walls, grunt_temple_overflow_diamond
D:6:      layout_basic, slow_altar_1
D:7:      cheibrodos_fertilizer, layout_basic, lemuel_tele_altar
D:8:      minmay_angry_zag, layout_gridville, grunt_lair_entry_orc_guard_hut,
          serial_glass, glass_columns_a, glass_columns_c
Temple:   minmay_temple_bridge_abc
Lair:1:   layout_chaotic_city, uniq_sonja

Skill      XL: |  1  2  3  4  5  6  7  8  9 10 |
---------------+-------------------------------+-----
Axes           | 2 3 4 5 6 7 8 |  8.8
Fighting       | 4 5 6 |  6.4
Armour         | 4 5 6 8 |  8.2
Shields        | 4 5 7 8 |  8.2
Dodging        | 1 2 |  2.2
Invocations    | 1 4 5 6 |  6.6

Action                   |  1- 3 |  4- 6 |  7- 9 | 10-12 || total
-------------------------+-------+-------+-------+-------++-------
Melee: War axe           |   122 |   170 |       |       ||   292
       Hand axe          |       |    48 |   401 |   198 ||   647
  Use: Scroll            |     3 |     2 |    10 |       ||    15
       Potion            |     1 |     2 |       |     1 ||     4
Armor: Scale mail        |    88 |   123 |    67 |       ||   278
       Chain mail        |       |       |   139 |    32 ||   171
       Plate armour      |       |       |       |    66 ||    66
Dodge: Dodged            |    65 |    74 |    99 |    41 ||   279
Block: Kite shield       |    66 |   144 |   239 |   123 ||   572
